 Dungeon Crawl Stone Soup version 0.32-a0-996-gb3226c233f (webtiles) character file.

Game seed: 227219331584067636

989 Heh the Trooper (level 8, -17/51 HPs)
             Began as an Octopode Hedge Wizard on Apr 24, 2024.
             Demolished by Menkaure (18 damage)
             ... on level 4 of the Dungeon.
             The game lasted 00:07:14 (3542 turns).

Heh the Trooper (Octopode Hedge Wizard)             Turns: 3542, Time: 00:07:15

Health: -17/51     AC:  1    Str:  9    XL:     8   Next: 18%
Magic:  12/12      EV: 14    Int: 16    God:
Gold:   276        SH:  0    Dex: 14    Spells: 7/13 levels left

rFire   . . .        x - +2 hand axe (venom)
rCold   . . .        (no shield)
rNeg    . . .        b - +0 hat
rPois   .            (no amulet)
rElec   .            (no ring)
rCorr   .            (no ring)
SInv    .            (no ring)
Will    .....        (no ring)
Stlth   +++          (no ring)
HPRegen 0.28/turn    (no ring)
MPRegen 0.13/turn    (no ring)
                     (no ring)

%: random rage (3%)
@: on berserk cooldown, slowed, very slow
A: almost no armour, amphibious, 8 rings, camouflage 1, gelatinous body 1,
(nimble swimmer 1), tentacles, berserk 1, frail 1
a: no special abilities


You were on level 4 of the Dungeon.
You visited 1 branch of the dungeon, and saw 4 of its levels.

You collected 276 gold pieces.

Inventory:

Hand Weapons
 a - a +0 dagger
 e - a +0 short sword
 i - a +3 dagger
 j - a +0 lajatang
 o - a +0 falchion
 w - a +3 dagger
 x - a +2 hand axe of venom (weapon)
Missiles
 n - 3 boomerangs
 s - 4 silver javelins
Armour
 b - a +0 hat (worn)
 v - an orb of guile
Jewellery
 h - a ring of ice
Scrolls
 d - 3 scrolls of brand weapon {unknown}
 p - a scroll of amnesia
 r - 4 scrolls of enchant armour {unknown}
 t - a scroll of blinking
 y - a scroll of poison {unknown}
Potions
 c - a potion of magic
 f - a potion of haste
 k - a potion of attraction
 q - a potion of cancellation
 u - a potion of brilliance
 z - 2 potions of invisibility {unknown}


   Skills:
 + Level 6.2 Fighting
 + Level 5.9 Dodging
 - Level 2.6 Stealth
 - Level 3.0 Spellcasting
 - Level 3.0 Conjurations
 - Level 1.0 Summonings
 - Level 1.0 Translocations
 - Level 1.0 Air Magic
 - Level 1.0 Alchemy


You had 7 spell levels left.
You knew the following spells:

 Your Spells              Type           Power      Damage    Failure   Level
a - Magic Dart            Conj           48%        1d5       5%          1
b - Blink                 Tloc           10%        N/A       19%         2
c - Mephitic Cloud        Conj/Alch/Air  7%         N/A       28%         3

Your spell library contained the following spells:

 Spells                   Type           Power      Damage    Failure   Level
 Slow                     Hex            8%         N/A       19%         1
 Call Imp                 Summ           10%        N/A       19%         2
 Cigotuvi's Dreadful Rot  Necr/Alch/Air  8%         N/A       22%         2
 Tukima's Dance           Hex            2%         N/A       50%         3
 Iskenderun's Mystic Bla Conj/Tloc 8%             2d4        (+2d1     63%         4
 Dimensional Bullseye     Hex/Tloc       2%         N/A       83%         4


Dungeon Overview and Level Annotations

Branches:
Dungeon (4/15)
 Temple: D:4-7

Altars:
Cheibriados
Dithmenos
Gozag

Annotations:
D:4 Menkaure


Innate Abilities, Weirdness & Mutations

You cannot wear most types of armour.
You are amphibious.
You can wear up to eight rings at the same time.
Your skin changes colour to match your surroundings (Stealth+).
Your rubbery body absorbs attacks. (AC +1, EV +1)
((You are camouflaged when in or above water. (Stealth+)))
You have tentacles for arms and can constrict up to eight enemies at once.
You sometimes lose your temper in combat.
You are frail. (-10% HP)


Message History

The lemure is almost dead.
You constrict the lemure.
You kill the lemure!
That felt strangely unrewarding.
Pikel zaps a wand.
You struggle to resist.
You hit Pikel.
Pikel is poisoned.
You grab Pikel.
Pikel is lightly wounded.
You constrict Pikel.
Pikel hits you with a +1 whip of freezing!
Pikel freezes you.
You slash Pikel!
Pikel looks as sick as possible!
You squeeze Pikel.
Pikel is heavily wounded.
You constrict Pikel.
Pikel zaps a wand.
You struggle to resist.
You hit Pikel but do no damage.
Pikel looks as sick as possible!
Pikel is heavily wounded.
You constrict Pikel. Pikel hits you but does no damage.
You barely miss Pikel. You squeeze Pikel!
Pikel is almost dead.
You constrict Pikel.
You kill Pikel!
With Pikel's spell broken, his former minions thank you for their freedom.
The lemure departs this earthly plane. x2
Your Fighting skill gained 2 levels and is now at level 6!
Your Dodging skill increases to level 5!
You have reached level 8!
Menkaure calls on the powers of darkness!
Your body is wracked with pain!
* * * LOW HITPOINT WARNING * * *
Items here: ) / [ †.
You feel a strong urge to attack something.
You are no longer berserk.
You are exhausted.
You feel yourself slow down.
You hit Menkaure. Your grab misses Menkaure. You squeeze Menkaure.
Menkaure is lightly damaged.
Menkaure hits you!
* * * LOW HITPOINT WARNING * * *
Menkaure giggles, "These cerements are ticklish..."
Menkaure hits you!!
You die...

#.########.# ..# #.#
#.# #.# #. #.# # #.#
#.# #.#
.##########.##
......M@)....#
###########$.#######
#..)......
##.####### #.# #.#
#.# #.# #.# #######


You could see Menkaure.

Vanquished Creatures
  Pikel (D:4)
  Eustachio (D:4)
  2 phantoms (D:4)
  2 lemures (D:4)
  2 jellies (D:4)
  2 hounds
  6 adders
  2 dart slugs
  A ribbon worm (D:2)
  5 orcs
  9 ball pythons
  4 endoplasms
  3 giant cockroaches
  5 goblins
  7 hobgoblins
  12 kobolds
  12 bats
  2 frilled lizards
  7 rats
85 creatures vanquished.

Notes
Turn   | Place    | Note
-------+----------+-------------------------------------------
     0 | D:1      | Heh the Octopode Hedge Wizard began the quest for the Orb.
     0 | D:1      | Reached XP level 1. HP: 11/11 MP: 4/4
   134 | D:1      | Reached skill level 1 in Fighting
   149 | D:1      | Reached XP level 2. HP: 14/18 MP: 1/6
   215 | D:1      | Found a faded altar of an unknown god.
   329 | D:1      | Reached skill level 2 in Fighting
   389 | D:1      | Learned a level 2 spell: Blink
   560 | D:1      | Reached XP level 3. HP: 23/25 MP: 7/7
   577 | D:1      | Learned a level 3 spell: Mephitic Cloud
  1029 | D:2      | Found a shadowy altar of Dithmenos.
  1101 | D:2      | Reached skill level 3 in Fighting
  1101 | D:2      | Reached skill level 1 in Air Magic
  1101 | D:2      | Reached skill level 1 in Alchemy
  1101 | D:2      | Reached XP level 4. HP: 31/31 MP: 8/8
  1751 | D:3      | Reached XP level 5. HP: 36/36 MP: 9/9
  2195 | D:3      | Found a snail-covered altar of Cheibriados.
  2574 | D:4      | Noticed a phantom
  2581 | D:4      | Found an opulent altar of Gozag.
  2589 | D:4      | Killed a phantom
  2590 | D:4      | Reached skill level 4 in Fighting
  2590 | D:4      | Reached XP level 6. HP: 29/43 MP: 5/10
  3050 | D:4      | Noticed Eustachio
  3059 | D:4      | Killed Eustachio
  3060 | D:4      | Reached XP level 7. HP: 18/49 MP: 9/11
  3518 | D:4      | Noticed Pikel
  3527 | D:4      | Gained mutation: You sometimes lose your temper in combat.
                  | [potion of mutation]
  3527 | D:4      | Gained mutation: You are frail. (-10% HP) [potion of
                  | mutation]
  3529 | D:4      | Noticed Menkaure
  3539 | D:4      | Killed Pikel
  3540 | D:4      | Reached skill level 6 in Fighting
  3540 | D:4      | Reached skill level 5 in Dodging
  3540 | D:4      | Reached XP level 8. HP: 41/51 MP: 12/12
  3542 | D:4      | HP: 1/51 [Menkaure (14)]
  3542 | D:4      | Demolished by Menkaure

Illustrated notes

Levels and vault maps discovered:
D:1:      zelgadis_glass_arrival_small, layout_rooms,
          hellmonk_ecumenical_altar_run_dry, serial_aquarium,
          aquarium_bridge_island_small [aquarium_subvault_small_open,
          aquarium_subvault_balcony, aquarium_subvault_window,
          aquarium_subvault_wall, aquarium_subvault_bridge],
          aquarium_bridge_square [aquarium_subvault_balcony,
          aquarium_subvault_bridge, aquarium_subvault_bridge,
          aquarium_subvault_balcony], aquarium_window_corridor_3,
          aquarium_window_2, aquarium_window_1, aquarium_view_2e,
          aquarium_balcony_3b, chequers_serial_rivers_small_a,
          supply_closet_lemuel
D:2:      layout_basic, basic_altar
D:3:      layout_basic, mainiacjoe_overflow_alcove_4, nicolae_titane
D:4:      layout_loops_ring, nicolae_gozag_seed_capital, uniq_pikel,
          uniq_eustachio, uniq_menkaure

Skill      XL: |  1  2  3  4  5  6  7 |
---------------+----------------------+-----
Fighting       | 1 2 3 4 6 |  6.2
Air Magic      | 1 |  1.0
Alchemy        | 1 |  1.0
Dodging        | 3 4 5 |  5.9
Conjurations   | 2 3 |  3.0
Stealth        | |  2.6
Spellcasting   | |  3.0
Summonings     | |  1.0
Translocations | |  1.0

Action                     |  1- 3 |  4- 6 |  7- 9 || total
---------------------------+-------+-------+-------++-------
  Melee: Dagger            |    45 |    54 |       ||    99
         Constrict         |    19 |    15 |     6 ||    40
         Short sword       |    20 |       |       ||    20
         Tentacles         |    12 |     9 |     5 ||    26
         Hand axe          |       |    26 |    24 ||    50
   Cast: Magic Dart        |     3 |    11 |       ||    14
    Use: Potion            |       |     4 |     1 ||     5
         Scroll            |       |       |     7 ||     7
   Stab: Sleeping          |     9 |    13 |     2 ||    24
 Armour: Skin              |    39 |    58 |    18 ||   115
  Dodge: Dodged            |    59 |    30 |    15 ||   104

Table legend: (Time is in decaauts)
 A = Elapsed time spent in this place.
 B = Non-inter-level travel time spent in this place.
 C = Inter-level travel time spent in this place.
 D = Time resting spent in this place.
 E = Time spent auto-exploring this place.
 F = Levels seen in this place.
 G = Mean time per level.
                   A        B        C        D        E       F      G
               +--------+--------+--------+--------+--------+-----+--------+
         Total |   3549 |   3385 |    164 |    107 |   2695 |   4 |  887.2 |
       Dungeon |   3549 |   3385 |    164 |    107 |   2695 |   4 |  887.2 |
               +--------+--------+--------+--------+--------+-----+--------+

Top non-repeatable levels by time:
     D:4: 977 daAuts
     D:3: 876 daAuts
     D:2: 870 daAuts
     D:1: 825 daAuts
